AoeStats
← Gérard Archer

Black Forest

510150757Analyzed
2v2 RM · 4d ago on Sep 29, 2026· 33m 57s· 4 players
Game mode
Random Map
Map size
Medium (4 player)
Population
200
Speed
Normal
Resources
Standard
Victory
Conquest
Starting age
Dark Age
Ending age
Imperial Age
RankedLock teamsTeams togetherTeam positionsShared explorationLock speedFull tech treeHidden civsTurbo modeCheats
Victory
Defeat
🇪🇸 Danes · Spain
868
+12
🇳🇱 Bohemians · Netherlands
819
+14
🇫🇷 Wei · France
801
-14
🇫🇷 Teutons · France
753
-12
kinge564
0:47 Loom
12:57 Feudal Age
13:20 Man-at-Arms
17:47 Wheelbarrow
18:53 Horse Collar
20:10 Scale Mail Armor
20:22 Forging
20:07 Arson
20:53 Double-Bit Axe
21:02 Stone Mining
21:03 Gold Mining
26:22 Castle Age
28:54 Chain Mail Armor
29:15 Iron Casting
28:44 Squires
29:31 Long Swordsman
Gérard Archer
1:05 Loom
19:25 Feudal Age
AadTheMoss
0:40 Loom
12:56 Feudal Age
13:27 Double-Bit Axe
13:23 Horse Collar
18:56 Wheelbarrow
22:18 Castle Age
23:09 Bow Saw
23:22 Hand Cart
24:17 Heavy Plow
24:50 Fervor
29:52 Imperial Age
29:47 Chemistry
29:08 Ballistics
30:10 Murder Holes
32:46 Two-Man Saw
33:06 Padded Archer Armor
33:04 Fletching
lars.jak
1:58 Loom
9:50 Feudal Age
9:57 Man-at-Arms
11:05 Arson
19:05 Forging
19:37 Scale Mail Armor
21:02 Gold Mining
25:52 Castle Age
23:41 Horse Collar
25:26 Double-Bit Axe
27:08 Wheelbarrow
26:47 Gambesons
27:04 Squires
26:25 Long Swordsman
27:22 Chain Mail Armor
27:43 Iron Casting
30:22 Hand Cart
30:45 Gold Shaft Mining
30:13 Heavy Plow
Connection lost

Rejoining the realm…

Still unreachable

The connection could not be restored.

Session expired

The server has moved on; the page needs a fresh start.